 Dungeon Crawl Stone Soup version 0.17.1-3-g152610e (webtiles) character file.

2312 Chiseanne the Covert (level 9, -2/46 HPs)
             Began as a Spriggan Assassin on Mar 3, 2016.
             Was an Initiate of Gozag.
             Killed by nerve-wracking pain
             ... invoked by an orc priest
              (11 damage)
             ... on level 8 of the Dungeon.
             The game lasted 00:19:41 (6410 turns).

Chiseanne the Covert (Spriggan Assassin)            Turns: 6410, Time: 00:19:41

Health: -2/46      AC:  7    Str:  7    XL:     9   Next: 18%
Magic:  10/10      EV: 29    Int: 13    God:    Gozag
Gold:   768        SH:  0    Dex: 20    Spells: 0 memorised, 8 levels left

rFire  + . .     SeeInvis +     a - +2 dagger (venom)
rCold  . . .     Clarity  .     c - +0 robe
rNeg   . . .     SustAt   .     (shield restricted)
rPois  .         Gourm    .     (helmet restricted)
rElec  .         Spirit   .     F - +1 cloak
rCorr  .         Warding  .     (gloves unavailable)
rMut   .         Stasis   .     (boots unavailable)
MR     +....                    (no amulet)
Stlth  ++++++....               A - ring of protection from fire
                                n - +3 ring of protection

@: very quick, somewhat resistant to hostile enchantments, very stealthy
A: unfitting armour, see invisible, herbivore 3, speed 3, slow metabolism 2
a: Potion Petition, Call Merchant, Bribe Branch, Renounce Religion


You were on level 8 of the Dungeon.
You worshipped Gozag.
Gozag was noncommittal.
You were not hungry.

You visited 2 branches of the dungeon, and saw 9 of its levels.

You collected 814 gold pieces.
You paid 46 gold pieces to Gozag.

Inventory:

Hand Weapons
 a - a +2 dagger of venom (weapon)
 d - a +2 whip of freezing
 s - a +3 dagger
 w - a +0 blowgun
 N - a +0 rapier
Missiles
 e - 29 poisoned needles
 f - 2 curare-tipped needles
 p - 68 arrows
 u - 10 bolts of flame
 B - 2 throwing nets
 C - 17 arrows of flame
 G - 15 tomahawks (quivered)
 M - 22 sling bullets
Armour
 c - a +0 robe (worn)
 F - a +1 cloak (worn)
Jewellery
 n - a +3 ring of protection (left hand)
 A - a ring of protection from fire (right hand)
Wands
 K - a wand of draining (8)
Scrolls
 i - 2 scrolls of blinking
 l - 2 scrolls of amnesia
 q - 3 scrolls of teleportation
 t - 2 scrolls of recharging
 v - 5 scrolls of remove curse
 y - a scroll of enchant armour
 I - 2 scrolls of enchant weapon
 L - a scroll of fog
Potions
 b - a potion of beneficial mutation {unknown}
 h - 2 potions of invisibility
 j - 2 potions of curing
 k - a potion of flight {unknown}
 m - 2 potions of resistance
 o - 3 potions of poison {unknown}
 x - a potion of heal wounds {unknown}
 z - a potion of ambrosia {unknown}
 D - a potion of degeneration {unknown}
 E - 2 potions of brilliance {unknown}
 H - 3 potions of cancellation {unknown}
Comestibles
 g - 5 bread rations
 r - 2 slices of pizza
 J - 4 fruits


   Skills:
 + Level 4.4 Fighting
 - Level 2.1 Short Blades
 - Level 2.0 Throwing
 * Level 11.1 Dodging
 * Level 13.0 Stealth


You had 8 spell levels left.
You didn't know any spells.

Dungeon Overview and Level Annotations

Branches:
Dungeon (8/15)             Temple (1/1) D:4
   Lair: D:8-11

Altars:
Cheibriados
Elyvilon
Fedhas
Gozag
Nemelex Xobeh
Ru
Sif Muna
Zin


Innate Abilities, Weirdness & Mutations

You are tiny and cannot use many weapons and most armour.
You have supernaturally acute eyesight.
You are a herbivore.
You cover ground extremely quickly.
You need consume almost no food.


Message History

The orc priest completely misses you.
You hit the orc priest.
The orc priest is severely wounded.
The orc misses you.
You hit the orc but do no damage.
The orc is poisoned.
The orc priest mumbles some strange prayers to Beogh against you.
Something smites you! The orc misses you. The orc is distracted by your gold.
The orc shouts!
You hit the orc but do no damage.
The orc looks even sicker.
The shadow imp completely misses you. The orc priest closely misses you.
The orc completely misses you.
You hit the shadow imp.
The shadow imp is heavily wounded.
The shadow imp gestures at you. Pain shoots through your body!
* * * LOW HITPOINT WARNING * * *
The orc priest mumbles some strange prayers to Beogh against you.
Pain shoots through your body!
You die...
Your body crumbles into a pile of gold.

###...#.# #.#
#.......# #.#
#...$...# #.#
#.......###
#.#
###.........#
#.#
#...#...###.#
#.#
#.#....#..# #
#.#
#.####5#5##
#.# # #@#.#
#.#


#ooo# #####.# ##o## #...<.# o. ####### #.# .# .# .# You could see an orc priest,
a shadow imp and 4 orcs.

Vanquished Creatures
  Pikel (D:4)
  A hungry ghost (D:7)
  A hippogriff (D:7)
  2 ice beasts
  2 slaves (D:4)
  2 phantoms
  A sky beast (D:5)
  An ogre (D:7)
  A crocodile (D:4)
  A scorpion (D:4)
  4 killer bees (D:8)
  A crimson imp (D:4)
  A giant frog zombie (D:5)
  2 jellies (D:7)
  2 hounds (D:5)
  Terence (D:2)
  2 iguanas
  Natasha (thrice) (D:2)
  2 orc wizards
  2 worker ants (D:4)
  A hound skeleton (D:6)
  8 gnolls
  A worker ant zombie (D:5)
  3 shadow imps
  12 adders
  An adder zombie (D:6)
  5 worms
  4 giant geckos
  7 orcs
  A ball python (D:7)
  3 giant cockroaches
  11 goblins
  11 hobgoblins
  13 jackals
  3 quokkas
  5 bats
  8 giant newts
  6 kobolds
  A quokka zombie (D:6)
  15 rats
152 creatures vanquished.

Vanquished Creatures (others)
  An orc wizard (D:4)
  An orc (D:4)
2 creatures vanquished.

Grand Total: 154 creatures vanquished

Notes
Turn   | Place    | Note
--------------------------------------------------------------
     0 | D:1      | Chiseanne the Spriggan Assassin began the quest for the Orb.
     0 | D:1      | Reached XP level 1. HP: 10/10 MP: 2/2
    55 | D:1      | Reached skill level 6 in Stealth
   209 | D:1      | Reached XP level 2. HP: 15/15 MP: 3/3
   549 | D:2      | Noticed Natasha
   772 | D:1      | Reached XP level 3. HP: 8/18 MP: 4/4
  1097 | D:2      | Killed Natasha
  1097 | D:2      | Reached skill level 7 in Stealth
  1153 | D:2      | Noticed Terence
  1198 | D:2      | Killed Terence
  1198 | D:2      | Reached XP level 4. HP: 23/23 MP: 5/5
  1495 | D:2      | Noticed Natasha
  1500 | D:2      | Killed Natasha
  1523 | D:2      | Reached XP level 5. HP: 21/26 MP: 6/6
  1527 | D:2      | Noticed Natasha
  1537 | D:2      | Killed Natasha
  1597 | D:2      | Reached skill level 8 in Stealth
  1903 | D:3      | Reached skill level 5 in Dodging
  2600 | D:4      | Reached XP level 6. HP: 24/32 MP: 7/7
  2718 | D:4      | Noticed a phantom
  2762 | D:4      | Reached skill level 9 in Stealth
  2919 | D:4      | Noticed a slave
  2922 | D:4      | Noticed a slave
  2923 | D:4      | Found a staircase to the Ecumenical Temple.
  2923 | D:4      | Noticed a slave
  2924 | D:4      | Noticed Pikel
  2926 | D:4      | Noticed a slave
  2936 | D:4      | Killed a slave
  3005 | D:4      | Killed Pikel
  3005 | D:4      | Reached skill level 10 in Stealth
  3005 | D:4      | Reached XP level 7. HP: 6/36 MP: 8/8
  3018 | D:4      | Killed a freed slave
  3250 | D:4      | Killed a phantom
  3434 | D:4      | Reached XP level 8. HP: 40/40 MP: 9/9
  3861 | Temple   | Entered the Ecumenical Temple
  3867 | Temple   | Became a worshipper of Gozag Ym Sagoz the Greedy
  3899 | D:5      | Entered Level 5 of the Dungeon
  4021 | D:5      | Reached skill level 11 in Stealth
  4860 | D:6      | Reached skill level 12 in Stealth
  5218 | D:6      | Reached skill level 10 in Dodging
  5506 | D:7      | Found a deep blue altar of Sif Muna.
  6000 | D:7      | Reached XP level 9. HP: 45/45 MP: 10/10
  6376 | D:8      | Reached skill level 13 in Stealth
  6410 | D:8      | Killed from afar by an orc priest

Action                   |  1- 3 |  4- 6 |  7- 9 || total
-------------------------+-------+-------+-------++-------
Melee: Dagger            |    71 |   203 |   161 ||   435
       Whip              |       |       |    68 ||    68
 Fire: Blowgun           |    34 |    53 |       ||    87
  Use: Scroll            |     3 |     9 |     8 ||    20
 Stab: Sleeping          |     4 |    15 |    31 ||    50
       Distracted        |     1 |       |     2 ||     3
  Eat: Fruit             |       |       |     8 ||     8
